 Dungeon Sprint DCSS version 0.27-a0-592-g0306a34022 (webtiles) character file.

Game seed: 9923970391042323096

350 rocky1 the Digger (level 6, -4/79 HPs)
             Began as a Troll Earth Elementalist on Mar 11, 2021.
             Was a Follower of Okawaru.
             Slain by a hellwing (14 damage)
             ... in the Dungeon (Sprint VII: "The Pits").
             The game lasted 00:04:01 (418 turns).

rocky1 the Digger (Troll Earth Elementalist)         Turns: 418, Time: 00:04:02

Health: -4/79      AC:  4    Str: 17    XL:     6   Next: 33%
Magic:  10/10      EV: 11    Int: 13    God:    Okawaru [*.....]
Gold:   0          SH:  0    Dex: 10    Spells: 3/12 levels left

rFire    . . .     SeeInvis .     - Unarmed
rCold    . . .     Faith    .   (no shield)
rNeg     . . .     Spirit   .   c - +0 robe
rPois    .         Reflect  .   (helmet restricted)
rElec    .         Harm     .   (no cloak)
rCorr    .         Rampage  .   (gloves unavailable)
Will     .....     NoTele   +   (boots unavailable)
Stlth    ..........             (no amulet)
HPRegen  1.23/turn              (no ring)
MPRegen  0.12/turn              (no ring)

@: berserking (expiring), very quick
A: large, unfitting armour, claws 3, regeneration 1, shaggy fur 1, tough skin 1
a: Renounce Religion, Heroism


You were in the Dungeon.
You worshipped Okawaru.
Okawaru was aware of your devotion.
You visited 1 branch

Inventory:

Missiles
 b - 30 stones
Armour
 c - a +0 robe (worn)
Scrolls
 i - a scroll of blinking
 j - 5 scrolls of amnesia
 k - a scroll of summoning
Potions
 a - 2 potions of invisibility
 d - 6 potions of curing
 e - 4 potions of heal wounds
 f - a potion of haste
 g - 4 potions of magic


   Skills:
 + Level 4.9 Dodging
 - Level 1.0 Stealth
 + Level 5.4 Unarmed Combat
 + Level 3.7 Spellcasting
 - Level 0.6 Transmutations
 + Level 7.4 Earth Magic
 + Level 4.9 Invocations


You had 3 spell levels left.
You knew the following spells:

 Your Spells              Type           Power      Damage    Failure   Level
a - Sandblast             Erth           42%        2d11      1%          1
b - Stone Arrow           Conj/Erth      24%        3d8       14%         3
c - Lee's Rapid Deconstr  Erth           10%        3d9*      28%         5

Your spell library contained the following spells:

 Spells                   Type           Power      Damage    Failure   Level
 Passwall                 Tmut/Erth      10%        N/A       6%          2
 Petrify                  Tmut/Erth      12%        N/A       38%         4


Dungeon Overview and Level Annotations

Branches:
Dungeon (1/1)

Altars:
Ashenzari
Cheibriados
Dithmenos
Elyvilon
Fedhas
Gozag
Hepliaklqana
Kikubaaqudgha
Makhleb
Nemelex Xobeh
Okawaru
Qazlal
Ru
Sif Muna
Trog
Uskayaw
Vehumet
Wu Jian
Xom
Yredelemnul
Zin
The Shining One
Beogh
Jiyva
Lugonu


Innate Abilities, Weirdness & Mutations

You are too large for most types of armour.
You have claws for hands.
Your natural rate of healing is unusually fast.
You are covered in fur. (AC +1)
You have tough skin. (AC +1)


Message History

You open the door.
A hellwing comes into view.
The hellwing gives a chilling moan.
A red film seems to cover your vision as you go berserk!
You feel yourself moving faster!
You feel mighty! The hellwing hits you! The hellwing closely misses you.
You scratch the hellwing.
The hellwing is lightly wounded.
The hellwing hits you. x2
You scratch the hellwing but do no damage.
The hellwing is lightly wounded.
You completely miss the hellwing.
The hellwing is lightly wounded.
The hellwing completely misses you. The hellwing hits you!
You scratch the hellwing.
The hellwing is lightly wounded.
The hellwing hits you! The hellwing hits you.
You scratch the hellwing but do no damage.
The hellwing is lightly wounded.
You completely miss the hellwing.
The hellwing is lightly wounded.
The hellwing hits you.
The hellwing hits you but does no damage.
You barely miss the hellwing.
The hellwing is lightly wounded.
You scratch the hellwing but do no damage.
The hellwing is lightly wounded.
The hellwing hits you! The hellwing barely misses you.
You claw the hellwing!
The hellwing is moderately wounded.
The hellwing hits you!
* * * LOW HITPOINT WARNING * * *
The hellwing hits you.
* * * LOW HITPOINT WARNING * * *
You barely miss the hellwing.
The hellwing is moderately wounded.
You closely miss the hellwing.
The hellwing is moderately wounded.
The hellwing hits you!
You die...

#.#..[)))..##.......#
#'###########.......#
#..#.#.## #########
#.......# ##.#.#.##
#.......#+#
##.#.#.##.+
#.......#4#
##.#.#..'@#
##########


You could see a hellwing.

Vanquished Creatures
  Menkaure (D)
  An ice beast (D)
  A jelly (D)
  A hound (D)
  2 worker ants (D)
  2 white imps (D)
  An ufetubus (D)
  An ooze (D)
  2 leopard geckos (D)
  A giant cockroach (D)
  A hobgoblin (D)
  3 jackals (D)
  A quokka (D)
  A giant cockroach zombie (D)
19 creatures vanquished.

Notes
Turn   | Place    | Note
-------+----------+-------------------------------------------
     0 | D        | rocky1 the Troll Earth Elementalist began the quest for the
                  | Orb.
     0 | D        | Reached XP level 1. HP: 16/16 MP: 1/1
    13 | D        | Reached skill level 3 in Earth Magic
    39 | D        | Found a bloodstained altar of Trog.
    39 | D        | Found a shimmering blue altar of Sif Muna.
    39 | D        | Found a viscous altar of Jiyva.
    39 | D        | Found a hazy altar of Hepliaklqana.
    39 | D        | Found an opulent altar of Gozag.
    40 | D        | Found a glowing golden altar of the Shining One.
    40 | D        | Found a glowing silver altar of Zin.
    40 | D        | Found a basalt altar of Yredelemnul.
    40 | D        | Found a shimmering altar of Xom.
    40 | D        | Found an ornate altar of the Wu Jian Council.
    40 | D        | Found a sacrificial altar of Ru.
    40 | D        | Found a stormy altar of Qazlal.
    40 | D        | Found an iron altar of Okawaru.
    40 | D        | Found a sparkling altar of Nemelex Xobeh.
    40 | D        | Found a burning altar of Makhleb.
    40 | D        | Found a blossoming altar of Fedhas.
    40 | D        | Found a white marble altar of Elyvilon.
    40 | D        | Found a shadowy altar of Dithmenos.
    40 | D        | Found a snail-covered altar of Cheibriados.
    43 | D        | Found a corrupted altar of Lugonu.
    43 | D        | Found a radiant altar of Vehumet.
    44 | D        | Found an ancient bone altar of Kikubaaqudgha.
    44 | D        | Found a hide-covered altar of Uskayaw.
    44 | D        | Found a broken altar of Ashenzari.
    48 | D        | Became a worshipper of Warmaster Okawaru
    67 | D        | Reached skill level 4 in Earth Magic
    75 | D        | Reached XP level 2. HP: 24/24 MP: 0/2
    76 | D        | Reached skill level 5 in Earth Magic
   117 | D        | Reached skill level 1 in Unarmed Combat
   117 | D        | Reached skill level 1 in Invocations
   117 | D        | Reached XP level 3. HP: 19/31 MP: 1/4
   130 | D        | Reached XP level 4. HP: 21/39 MP: 1/6
   234 | D        | Noticed an ice beast
   242 | D        | Reached skill level 6 in Earth Magic
   288 | D        | Killed an ice beast
   288 | D        | Reached * piety under Okawaru
   289 | D        | Reached XP level 5. HP: 23/45 MP: 4/8
   328 | D        | Noticed Menkaure
   342 | D        | Killed Menkaure
   343 | D        | Reached skill level 5 in Unarmed Combat
   343 | D        | Reached skill level 7 in Earth Magic
   343 | D        | Reached XP level 6. HP: 37/53 MP: 8/10
   389 | D        | Learned a level 3 spell: Stone Arrow
   395 | D        | Learned a level 5 spell: Lee's Rapid Deconstruction
   406 | D        | Noticed a hellwing
   418 | D        | Slain by a hellwing

Illustrated notes

Levels and vault maps discovered:
D:        pitsprint [storerooms_1, entrance_room_1, metal_vault_6, armoury_3,
          mini_pit_1, grid_room_1, main_hall_1, silver_pit, the_coven_3,
          the_vestibule_1, steel_vault_2, golden_pit, hallway_of_sentries,
          crystal_vault_1, iron_vault_4, final_vault]

Skill      XL: |  1  2  3  4  5 |
---------------+----------------+-----
Earth Magic    | 4 5 6 7 |  7.4
Dodging        | 2 4 |  4.9
Unarmed Combat | 1 2 4 5 |  5.4
Invocations    | 1 2 3 4 |  4.9
Spellcasting   | 2 3 |  3.7
Stealth        | |  1.0
Transmutations | |  0.6

Action                   |  1- 3 |  4- 6 || total
-------------------------+-------+-------++-------
Melee: Unarmed           |    43 |    42 ||    85
 Cast: Sandblast         |     5 |     5 ||    10
  Use: Potion            |     1 |     4 ||     5
Armor: Robe              |    13 |     9 ||    22
Dodge: Dodged            |    31 |    12 ||    43

Table legend: (Time is in decaauts)
 A = Elapsed time spent in this place.
 B = Non-inter-level travel time spent in this place.
 C = Inter-level travel time spent in this place.
 D = Time resting spent in this place.
 E = Time spent auto-exploring this place.
 F = Levels seen in this place.
 G = Mean time per level.
                   A        B        C        D        E       F      G
               +--------+--------+--------+--------+--------+-----+--------+
         Total |    427 |    427 |      0 |    125 |      0 |   1 |  427.0 |
       Dungeon |    427 |    427 |      0 |    125 |      0 |   1 |  427.0 |
               +--------+--------+--------+--------+--------+-----+--------+

Top non-repeatable levels by time:
       D: 427 daAuts
